PL
AUSTIN RANGERS @ NORTHERN VIRGINIA RAINBOW MERMAIDS
08/10/2028
 
TOP OF THE 1ST
Austin Rangers batting - Pitching for Northern Virginia Rainbow Mermaids : RHP Aurelio López
Pitching: RHP Aurelio López
Batting: RHB Miguel Morán 0-0: SINGLE (Line Drive, 6MD)
Batting: RHB Yoshihito Samurakami 0-0: Ball
1-0: Foul Ball, location: 2F
1-1: Grounds into double play, 5-4-3 (Groundball, 56)
Batting: LHB Count Dante 0-0: Foul Ball, location: 2F
0-1: Foul Ball, location: 2F
0-2: Ball
1-2: Ball
2-2: SOLO HOME RUN (Flyball, 89XD), Distance : 414 ft
Batting: LHB Yun Yen 0-0: Foul Ball, location: 2F
0-1: Foul Ball, location: 2F
0-2: Foul Ball, location: 2F
0-2: Ball
1-2: Ball
2-2: Ball
3-2: Fly out, F7 (Flyball, 78M)
Top of the 1st over - 1 run(s), 2 hit(s), 0 error(s), 0 left on base; Austin 1 - Northern Virginia 0
BOTTOM OF THE 1ST
Northern Virginia Rainbow Mermaids batting - Pitching for Austin Rangers : RHP Mark Collingwood
Pitching: RHP Mark Collingwood
Batting: LHB Munemori Ohara 0-0: Called Strike
0-1: Ball
1-1: Ball
2-1: Ground out 4-3 (Groundball, 4)
Batting: RHB Brett Callison 0-0: Called Strike
0-1: Foul Ball, location: 2F
0-2: Foul Ball, location: 2F
0-2: Ball
1-2: Ball
2-2: Hit by Pitch
Batting: LHB Roberto Sánchez 0-0: Called Strike
0-1: Ball
1-1: Ball
2-1: Foul Ball, location: 2F
2-2: Fly out, F8 (Flyball, 8LS)
Batting: RHB Arlen Joysey 0-0: Foul Ball, location: 2F
0-1: Ball
1-1: Ball
2-1: Foul Ball, location: 2F
2-2: Strikes out swinging
Bottom of the 1st over - 0 run(s), 0 hit(s), 0 error(s), 1 left on base; Austin 1 - Northern Virginia 0
TOP OF THE 2ND
Austin Rangers batting - Pitching for Northern Virginia Rainbow Mermaids : RHP Aurelio López
Batting: LHB Jesús Reyes 0-0: Called Strike
0-1: Ball
1-1: Ball
2-1: Foul Ball, location: 2F
2-2: Ball
3-2: Foul Ball, location: 2F
3-2: Ground out U3 (Groundball, 3L)
Batting: RHB Tony Hernández 0-0: Ball
1-0: Called Strike
1-1: Ball
2-1: Ball
3-1: Base on Balls
Batting: LHB Héctor Cortéz 0-0: Ball
Throwing error on steal attempt, E2
Tony Hernández to third
1-0: Called Strike
1-1: Swinging Strike
1-2: Ball
2-2: Ground out U3 (Groundball, 3)
Batting: RHB Matt Sheppard 0-0: Ball
1-0: Foul Ball, location: 2F
1-1: Swinging Strike
1-2: Foul Ball, location: 2F
1-2: Ball
2-2: Ground out 4-3 (Groundball, 4)
Top of the 2nd over - 0 run(s), 0 hit(s), 1 error(s), 1 left on base; Austin 1 - Northern Virginia 0
BOTTOM OF THE 2ND
Northern Virginia Rainbow Mermaids batting - Pitching for Austin Rangers : RHP Mark Collingwood
Batting: RHB Alfredo Pizarro 0-0: Ball
1-0: Ball
2-0: Fly out, F8 (Flyball, 8LXD)
Batting: LHB Francisco Ornelas 0-0: Foul Ball, location: 2F
0-1: SINGLE (Line Drive, 9LS)
Batting: RHB Shohei Kiyomizu 0-0: Called Strike
0-1: Ball
1-1: Called Strike
1-2: Foul Ball, location: 2F
1-2: Foul Ball, location: 2F
1-2: Foul Ball, location: 2F
1-2: Strikes out looking
Batting: RHB Ed Adams 0-0: SINGLE (Line Drive, 78S)
Francisco Ornelas to second
Batting: RHB Lionel McCloud 0-0: Ball
1-0: Ball
2-0: Called Strike
2-1: Swinging Strike
2-2: Strikes out swinging
Bottom of the 2nd over - 0 run(s), 2 hit(s), 0 error(s), 2 left on base; Austin 1 - Northern Virginia 0
TOP OF THE 3RD
Austin Rangers batting - Pitching for Northern Virginia Rainbow Mermaids : RHP Aurelio López
Batting: RHB Freddy Torres 0-0: SINGLE (Line Drive, 7LS)
Batting: RHB Miguel Morán 0-0: Ball
1-0: Grounds into double play, 6-4-3 (Groundball, 6)
Batting: RHB Yoshihito Samurakami 0-0: Ground out 4-3 (Groundball, 4)
Top of the 3rd over - 0 run(s), 1 hit(s), 0 error(s), 0 left on base; Austin 1 - Northern Virginia 0
BOTTOM OF THE 3RD
Northern Virginia Rainbow Mermaids batting - Pitching for Austin Rangers : RHP Mark Collingwood
Batting: LHB Munemori Ohara 0-0: Foul Ball, location: 2F
0-1: Called Strike
0-2: Strikes out swinging
Batting: RHB Brett Callison 0-0: Ball
1-0: Ball
2-0: Foul Ball, location: 2F
2-1: Foul Ball, location: 2F
2-2: Ball
3-2: Base on Balls
Batting: LHB Roberto Sánchez 0-0: Ball
1-0: Fielders Choice at 2nd, 4-6 (Groundball, 4)
Batting: RHB Arlen Joysey 0-0: Called Strike
0-1: Ball
1-1: Called Strike
1-2: Fly out, F9 (Flyball, 9LSF)
Bottom of the 3rd over - 0 run(s), 0 hit(s), 0 error(s), 1 left on base; Austin 1 - Northern Virginia 0
TOP OF THE 4TH
Austin Rangers batting - Pitching for Northern Virginia Rainbow Mermaids : RHP Aurelio López
Batting: LHB Count Dante 0-0: Ball
1-0: Foul Ball, location: 2F
1-1: Called Strike
1-2: Ground out 6-3 (Groundball, 6D)
Batting: LHB Yun Yen 0-0: Ball
1-0: SINGLE (Groundball, 34D)
Batting: LHB Jesús Reyes 0-0: Called Strike
0-1: Ball
1-1: Foul Ball, location: 2F
1-2: Foul Ball, location: 2F
1-2: Fly out, F2 (Popup, 56S)
Batting: RHB Tony Hernández 0-0: Called Strike
0-1: Hit by Pitch
Yun Yen to second
Batting: LHB Héctor Cortéz 0-0: Swinging Strike
0-1: SINGLE (Flyball, 8RS)
Yun Yen to third
Tony Hernández to second
Runner from 3rd tries for Home, SAFE, no throw
Batting: RHB Matt Sheppard 0-0: Fly out, F8 (Line Drive, 89D)
Top of the 4th over - 1 run(s), 2 hit(s), 0 error(s), 2 left on base; Austin 2 - Northern Virginia 0
BOTTOM OF THE 4TH
Northern Virginia Rainbow Mermaids batting - Pitching for Austin Rangers : RHP Mark Collingwood
Batting: RHB Alfredo Pizarro 0-0: Ball
1-0: Called Strike
1-1: Ball
2-1: Called Strike
2-2: Ball
3-2: Foul Ball, location: 2F
3-2: SINGLE (Groundball, 34D)
Batting: LHB Francisco Ornelas 0-0: Foul Ball, location: 2F
0-1: Ball
Wild Pitch!
Alfredo Pizarro to second
1-1: Foul Ball, location: 2F
1-2: Foul Ball, location: 2F
1-2: Ball
2-2: Ball
3-2: Foul Ball, location: 2F
3-2: Base on Balls
Batting: RHB Shohei Kiyomizu 0-0: Ball
1-0: Called Strike
1-1: Swinging Strike
1-2: Strikes out swinging
Batting: RHB Ed Adams 0-0: Ball
1-0: Grounds into double play, 5-4-3 (Groundball, 56)
Bottom of the 4th over - 0 run(s), 1 hit(s), 0 error(s), 1 left on base; Austin 2 - Northern Virginia 0
TOP OF THE 5TH
Austin Rangers batting - Pitching for Northern Virginia Rainbow Mermaids : RHP Aurelio López
Batting: RHB Freddy Torres 0-0: Called Strike
0-1: Ball
1-1: Ball
2-1: Foul Ball, location: 2F
2-2: Ground out 1-3 (Groundball, 15S)
Batting: RHB Miguel Morán 0-0: Ball
1-0: Fly out, F8 (Line Drive, 8LD)
Batting: RHB Yoshihito Samurakami 0-0: Ball
1-0: Called Strike
1-1: Ball
2-1: Foul Ball, location: 2F
2-2: Ball
3-2: Strikes out swinging
Top of the 5th over - 0 run(s), 0 hit(s), 0 error(s), 0 left on base; Austin 2 - Northern Virginia 0
BOTTOM OF THE 5TH
Northern Virginia Rainbow Mermaids batting - Pitching for Austin Rangers : RHP Mark Collingwood
Batting: RHB Lionel McCloud 0-0: Ball
1-0: Ball
2-0: Foul Ball, location: 2F
2-1: Foul Ball, location: 2F
2-2: Ball
3-2: Ground out 5-3 (Groundball, 5L)
Batting: LHB Munemori Ohara 0-0: Ball
1-0: Fly out, F8 (Flyball, 89D)
Batting: RHB Brett Callison 0-0: Ball
1-0: Called Strike
1-1: Called Strike
1-2: Ball
2-2: Fly out, F9 (Flyball, 9S)
Bottom of the 5th over - 0 run(s), 0 hit(s), 0 error(s), 0 left on base; Austin 2 - Northern Virginia 0
TOP OF THE 6TH
Austin Rangers batting - Pitching for Northern Virginia Rainbow Mermaids : RHP Aurelio López
Batting: LHB Count Dante 0-0: Ball
1-0: Fly out, F8 (Flyball, 8LXD)
Batting: LHB Yun Yen 0-0: Ball
1-0: Called Strike
1-1: Ball
2-1: Called Strike
2-2: Strikes out looking
Batting: LHB Jesús Reyes 0-0: Ball
1-0: Ball
2-0: Foul Ball, location: 2F
2-1: Fly out, F8 (Flyball, 8RD)
Top of the 6th over - 0 run(s), 0 hit(s), 0 error(s), 0 left on base; Austin 2 - Northern Virginia 0
BOTTOM OF THE 6TH
Northern Virginia Rainbow Mermaids batting - Pitching for Austin Rangers : RHP Mark Collingwood
Batting: LHB Roberto Sánchez 0-0: Ball
1-0: Foul Ball, location: 2F
1-1: Ball
2-1: Ball
3-1: Foul Ball, location: 2F
3-2: Foul Ball, location: 2F
3-2: Base on Balls
Batting: RHB Arlen Joysey 0-0: Ball
1-0: Ball
2-0: Ball
3-0: Called Strike
3-1: Base on Balls
Roberto Sánchez to second
Pitching: RHP Weston Fisher
Batting: RHB Alfredo Pizarro 0-0: Swinging Strike
0-1: Foul Ball, location: 2F
0-2: Foul Ball, location: 2F
0-2: Ball
1-2: Strikes out swinging
Batting: LHB Francisco Ornelas 0-0: Called Strike
0-1: Ball
1-1: Ball
2-1: Foul Ball, location: 2F
2-2: Fly out, F7 (Flyball, 7S)
Batting: RHB Shohei Kiyomizu 0-0: Ball
1-0: Called Strike
1-1: Fielders Choice at 2nd, 6-4 (Groundball, 6)
Bottom of the 6th over - 0 run(s), 0 hit(s), 0 error(s), 1 left on base; Austin 2 - Northern Virginia 0
TOP OF THE 7TH
Austin Rangers batting - Pitching for Northern Virginia Rainbow Mermaids : RHP Aurelio López
Batting: RHB Tony Hernández 0-0: Called Strike
0-1: Ball
1-1: Fly out, F8 (Flyball, 8RXD)
Batting: LHB Héctor Cortéz 0-0: Foul Ball, location: 2F
0-1: Ball
1-1: Foul Ball, location: 2F
1-2: DOUBLE (Line Drive, 78XD)
Pitching: RHP Lou Hartling
Batting: RHB Matt Sheppard 0-0: Ball
1-0: Ball
Wild Pitch!
Héctor Cortéz to third
2-0: Ball
3-0: Called Strike
3-1: Called Strike
3-2: Base on Balls
Pinch Hitting: SHB Xavier Vásquez 0-0: Called Strike
0-1: Swinging Strike
0-2: Ball
1-2: Fielders Choice at 2nd, 1-4 (Groundball, 15S)
Batting: RHB Miguel Morán 0-0: Ground out U3 (Groundball, 3S)
Top of the 7th over - 0 run(s), 1 hit(s), 0 error(s), 2 left on base; Austin 2 - Northern Virginia 0
BOTTOM OF THE 7TH
Northern Virginia Rainbow Mermaids batting - Pitching for Austin Rangers : RHP Weston Fisher
Now at SS: Xavier Vásquez
Batting: RHB Ed Adams 0-0: Foul Ball, location: 2F
0-1: Called Strike
0-2: Ball
1-2: Ball
2-2: Foul Ball, location: 2F
2-2: Ground out 5-3 (Groundball, 5)
Batting: RHB Lionel McCloud 0-0: Called Strike
0-1: Ball
1-1: Swinging Strike
1-2: Ball
2-2: DOUBLE (Flyball, 8LXD)
Batting: LHB Munemori Ohara 0-0: Ball
1-0: Fly out, F9 (Flyball, 9LMF)
Batting: RHB Brett Callison 0-0: Ground out 5-3 (Groundball, 56S)
Bottom of the 7th over - 0 run(s), 1 hit(s), 0 error(s), 1 left on base; Austin 2 - Northern Virginia 0
TOP OF THE 8TH
Austin Rangers batting - Pitching for Northern Virginia Rainbow Mermaids : RHP Lou Hartling
Batting: RHB Yoshihito Samurakami 0-0: Swinging Strike
0-1: Foul Ball, location: 2F
0-2: Ball
1-2: Fly out, F7 (Line Drive, 7S)
Batting: LHB Count Dante 0-0: Called Strike
0-1: Ball
1-1: Fly out, F8 (Flyball, 8RXD)
Batting: LHB Yun Yen 0-0: Called Strike
0-1: Ball
1-1: Ground out 4-3 (Groundball, 4)
Top of the 8th over - 0 run(s), 0 hit(s), 0 error(s), 0 left on base; Austin 2 - Northern Virginia 0
BOTTOM OF THE 8TH
Northern Virginia Rainbow Mermaids batting - Pitching for Austin Rangers : RHP Weston Fisher
Batting: LHB Roberto Sánchez 0-0: Ball
1-0: Ball
2-0: Called Strike
2-1: Foul Ball, location: 2F
2-2: Ball
3-2: Base on Balls
Pitching: RHP Gavin Blackburn
Batting: RHB Arlen Joysey 0-0: Fly out, F8 (Line Drive, 8LM)
Batting: RHB Alfredo Pizarro 0-0: Foul Ball, location: 2F
0-1: Foul Ball, location: 2F
0-2: Foul Ball, location: 2F
0-2: Ball
1-2: Fly out, F7 (Flyball, 7D)
Pitching: LHP Alfonso Zapata
Batting: LHB Francisco Ornelas 0-0: Foul Ball, location: 2F
0-1: Fielders Choice at 2nd, 4-6 (Groundball, 4)
Bottom of the 8th over - 0 run(s), 0 hit(s), 0 error(s), 0 left on base; Austin 2 - Northern Virginia 0
TOP OF THE 9TH
Austin Rangers batting - Pitching for Northern Virginia Rainbow Mermaids : RHP Lou Hartling
Pitching: LHP Ilie Paunescu
Batting: LHB Jesús Reyes 0-0: Foul Ball, location: 2F
0-1: Ball
1-1: Foul Ball, location: 2F
1-2: Foul Ball, location: 2F
1-2: Ball
2-2: Foul Ball, location: 2F
2-2: SINGLE (Groundball, 4MD)
Batting: RHB Tony Hernández 0-0: Ball
1-0: Sac Bunt - play at first, batter OUT! 1-4
Jesús Reyes to second
Batting: LHB Héctor Cortéz 0-0: Called Strike
0-1: Called Strike
0-2: Strikes out looking
Batting: RHB Matt Sheppard 0-0: Ball
1-0: SINGLE (Line Drive, 89S)
Jesús Reyes to third
Runner from 3rd tries for Home, SAFE, no throw
Batting: SHB Xavier Vásquez 0-0: Ball
1-0: Ball
2-0: Ball
3-0: Called Strike
3-1: Called Strike
3-2: Base on Balls
Matt Sheppard to second
Batting: RHB Miguel Morán 0-0: Ball
1-0: Called Strike
1-1: Called Strike
1-2: Fielders Choice at 2nd, 6-4 (Groundball, 56)
Top of the 9th over - 1 run(s), 2 hit(s), 0 error(s), 1 left on base; Austin 3 - Northern Virginia 0
BOTTOM OF THE 9TH
Northern Virginia Rainbow Mermaids batting - Pitching for Austin Rangers : LHP Alfonso Zapata
Pitching: RHP Júlio Rodríguez
Batting: RHB Shohei Kiyomizu 0-0: Called Strike
0-1: Ball
1-1: Swinging Strike
1-2: Ball
2-2: Strikes out swinging
Batting: RHB Ed Adams 0-0: Ball
1-0: SINGLE (Line Drive, 7S)
Batting: RHB Lionel McCloud 0-0: Foul Ball, location: 2F
0-1: Ball
1-1: Called Strike
1-2: Ball
2-2: Ball
3-2: Fly out, F8 (Line Drive, 8LD)
Batting: LHB Munemori Ohara 0-0: Ball
1-0: Foul Ball, location: 2F
1-1: Called Strike
1-2: Strikes out swinging
Bottom of the 9th over - 0 run(s), 1 hit(s), 0 error(s), 1 left on base; Austin 3 - Northern Virginia 0
Wednesday, August 23rd, 2017 - OOTP Baseball 17.12 Build 75